 Dungeon Sprint DCSS version 0.21.1-1-g345015f (webtiles) character file.

3300000 Fang the Axe Maniac (level 21, -7/224 HPs)
             Began as a Minotaur Gladiator on May 11, 2018.
             Was the Champion of Makhleb.
             Mangled by a meat berserker
             ... wielding a +9 battleaxe
              (30 damage)
             ... in the Dungeon (Sprint VIII: "Arena of Blood").
             The game lasted 00:00:31 (33 turns).

Fang the Axe Maniac (Minotaur Gladiator)              Turns: 33, Time: 00:00:32

Health: -7/224     AC:  6    Str: 27    XL:     21   Next: 91%
Magic:  18/50      EV: 31    Int:  5    God:    Makhleb [******]
Gold:   0          SH:  0    Dex: 14    Spells: 72/72 levels left

rFire    . . .     SeeInvis .   l - +∞ Axe of Woe
rCold    . . .     Gourm    .   (shield currently unavailable)
rNeg     . . .     Faith    .   b - +0 leather armour
rPois    .         Spirit   .   c - +0 hat
rElec    .         Reflect  .   (no cloak)
rCorr    .         Harm     .   (no gloves)
MR       +....     NoTele   +   (no boots)
Stlth    +++++++++.             (no amulet)
HPRegen  0.47/turn              (no ring)
MPRegen  0.32/turn              (no ring)

@: no status effects
A: retaliatory headbutt, horns 2
a: Minor Destruction, Lesser Servant of Makhleb, Major Destruction, Greater
Servant of Makhleb, Renounce Religion


You were in the Dungeon.
You worshipped Makhleb.
Makhleb was exalted by your worship.
You were not hungry.

You visited 1 branch

Inventory:

Hand Weapons
 a - a +0 war axe
 l - the +∞ Axe of Woe (weapon)
   (You found it in the Dungeon)
Missiles
 d - 3 throwing nets (quivered)
Armour
 b - a +0 leather armour (worn)
 c - a +0 hat (worn)
Scrolls
 k - a scroll of blinking
Potions
 e - a potion of curing
 g - a potion of heal wounds
 h - a potion of haste
 i - 2 potions of magic
 j - a potion of berserk rage
Comestibles
 f - a ration


   Skills:
 O Level 27 Fighting
 O Level 27 Axes
 O Level 27 Throwing
 O Level 27 Armour
 O Level 27 Dodging
 O Level 27 Stealth
 O Level 27 Unarmed Combat
 + Level 26.2 Spellcasting
 O Level 27 Invocations


You had 72 spell levels left.
You didn't know any spells.

Dungeon Overview and Level Annotations

Branches:
Dungeon (1/1)

Altars:
Makhleb


Innate Abilities, Weirdness & Mutations

You reflexively headbutt those who attack you in melee.
You have a pair of horns on your head.


Message History

Makhleb accepts your kill.
Your Spellcasting skill gained 3 levels and is now at level 26!
You hear a shout! x7
The eight-headed meat hydra calls on the powers of darkness!
The eight-headed meat hydra convulses!
The bag of meat convulses!
The meat berserker convulses!
The bag of meat convulses!
The large bag of meat convulses! x2; The bag of meat convulses!
Your body is wracked with pain!
The bag of meat convulses!
You hear a shout! x3
You are too injured to fight recklessly!
Unknown command.
You are too injured to fight recklessly!
You hear a shout! x8
The large bag of meat hits you with a +9 giant spiked club!!!
* * * LOW HITPOINT WARNING * * *
The large bag of meat hits you with a +9 giant spiked club!!
* * * LOW HITPOINT WARNING * * *
You hear a shout!
The meat berserker hits you with a +9 battleaxe!!
You die...

..........
...........
...........
o........ .
#Oo.....# #..
#.....D.# ..
....###Oo.....###...
.....oo@O###).......
.#....))))_.))......
.......#))).)#......
....O..#_)<._# .....
.......#o....# O...
.#O......._.........
.oV.....o###........
o...###... ...###. .
.... #... ...#


You could see an eight-headed meat hydra, a destroyer, 2 large bags of meat, 3
meat berserkers and 9 bags of meat.

Vanquished Creatures
  A vampire knight (D)
  11 ogres (D)
  12 orcs (D)
24 creatures vanquished.

Notes
Turn   | Place    | Note
-------+----------+-------------------------------------------
     0 | D        | Found the +∞ Axe of Woe
     0 | D        | Fang the Minotaur Gladiator began the quest for the Orb.
     0 | D        | Reached XP level 1. HP: 18/18 MP: 0/0
     4 | D        | Became a worshipper of Makhleb the Destroyer
     5 | D        | Noticed a bag of meat
     5 | D        | Noticed a meat berserker
     6 | D        | Noticed a bag of meat
     7 | D        | Noticed a meat berserker
     7 | D        | Killed a meat berserker
     7 | D        | Reached XP level 2. HP: 45/45 MP: 1/1
     7 | D        | Reached XP level 3. HP: 51/51 MP: 2/2
     7 | D        | Reached XP level 4. HP: 59/59 MP: 3/3
     7 | D        | Reached XP level 5. HP: 66/66 MP: 4/4
     7 | D        | Reached XP level 6. HP: 73/73 MP: 5/5
     7 | D        | Reached XP level 7. HP: 80/80 MP: 6/6
     7 | D        | Reached XP level 8. HP: 88/88 MP: 7/7
     7 | D        | Reached XP level 9. HP: 94/94 MP: 8/8
     7 | D        | Reached XP level 10. HP: 102/102 MP: 9/9
     7 | D        | Reached XP level 11. HP: 108/108 MP: 10/10
     7 | D        | Reached XP level 12. HP: 116/116 MP: 11/11
     7 | D        | Reached XP level 13. HP: 123/123 MP: 12/12
     8 | D        | Noticed a bag of meat
     9 | D        | Killed a meat berserker
     9 | D        | Reached * piety under Makhleb
     9 | D        | Reached XP level 14. HP: 81/137 MP: 13/13
     9 | D        | Killed a bag of meat
     9 | D        | Reached skill level 27 in Axes
    10 | D        | Noticed a bag of meat
    10 | D        | Noticed a bag of meat
    11 | D        | Killed a bag of meat
    11 | D        | Reached skill level 27 in Dodging
    11 | D        | Reached XP level 15. HP: 92/155 MP: 14/14
    12 | D        | Noticed a meat berserker
    13 | D        | Noticed a meat berserker
    13 | D        | Reached ** piety under Makhleb
    16 | D        | Killed a meat berserker
    16 | D        | Reached skill level 27 in Fighting
    16 | D        | Reached XP level 16. HP: 55/183 MP: 15/15
    16 | D        | Killed a meat berserker
    16 | D        | Reached *** piety under Makhleb
    16 | D        | Reached skill level 27 in Throwing
    16 | D        | Reached XP level 17. HP: 131/191 MP: 16/16
    19 | D        | Noticed a meat berserker
    19 | D        | Noticed a meat berserker
    21 | D        | Reached **** piety under Makhleb
    21 | D        | Reached skill level 27 in Armour
    22 | D        | Killed a meat berserker
    22 | D        | Reached XP level 18. HP: 200/200 MP: 16/30
    22 | D        | Killed a meat berserker
    22 | D        | Reached skill level 15 in Invocations
    23 | D        | Noticed a large bag of meat
    23 | D        | Noticed a meat berserker
    24 | D        | Reached ***** piety under Makhleb
    24 | D        | Reached skill level 15 in Stealth
    24 | D        | Reached XP level 19. HP: 207/207 MP: 16/34
    25 | D        | Noticed a meat berserker
    26 | D        | Noticed a meat berserker
    26 | D        | Noticed a destroyer
    27 | D        | Noticed a meat berserker
    27 | D        | Noticed a meat berserker
    28 | D        | Noticed a meat berserker
    28 | D        | Killed a meat berserker
    29 | D        | Killed a meat berserker
    29 | D        | Reached skill level 27 in Stealth
    29 | D        | Reached XP level 20. HP: 216/216 MP: 17/37
    29 | D        | Noticed a destroyer
    30 | D        | Killed a destroyer
    31 | D        | Noticed a meat berserker
    32 | D        | Noticed a large bag of meat
    32 | D        | Noticed a meat berserker
    32 | D        | Noticed an eight-headed meat hydra
    32 | D        | Killed a meat berserker
    32 | D        | Reached ****** piety under Makhleb
    32 | D        | Reached skill level 27 in Unarmed Combat
    32 | D        | Reached XP level 21. HP: 73/224 MP: 18/43
    32 | D        | Reached skill level 27 in Invocations
    33 | D        | Mangled by a meat berserker

Skill      XL: |  1  2  3  4  5  6  7  8  9 10 11 12 13 14 15 16 17 18 19 20 21 |
---------------+----------------------------------------------------------------+-----
Fighting       | 13 16 20 27 | 27.0
Axes           | 23 26 27 | 27.0
Throwing       | 11 13 16 24 27 | 27.0
Dodging        | 21 24 27 | 27.0
Armour         | 9 17 27 | 27.0
Stealth        | 11 15 27 | 27.0
Unarmed Combat | 13 18 20 27 | 27.0
Spellcasting   | 9 12 14 19 26 | 26.2
Invocations    | 12 16 19 25 27 | 27.0

Action                   |  1- 3 |  4- 6 |  7- 9 | 10-12 | 13-15 | 16-18 | 19-21 || total
-------------------------+-------+-------+-------+-------+-------+-------+-------++-------
Melee: Executioner's axe |     1 |       |       |       |     4 |     5 |     5 ||    15
Dodge: Dodged            |       |       |       |       |     3 |       |       ||     3
